 Dungeon Crawl Stone Soup version 0.25-a0-424-g80bd347ae0 (webtiles) character file.

Game seed: 15096339824411360647, levelgen mode: deterministic

107 Kohma the Stinger (level 4, -5/36 HPs)
             Began as a Naga Venom Mage on Jan 23, 2020.
             Was an Initiate of Cheibriados.
             Slain by a hornet zombie (7 damage)
             ... on level 3 of the Dungeon.
             The game lasted 00:09:36 (2590 turns).

Kohma the Stinger (Naga Venom Mage)                 Turns: 2590, Time: 00:09:37

Health: -5/36      AC:  2    Str: 11 (12) XL:     4   Next: 85%
Magic:  8/8        EV: 10    Int: 16 (17) God:    Cheibriados [......]
Gold:   134        SH:  0    Dex:  9 (12) Spells: 0/9 levels left

rFire    . . .     SeeInvis +   j - +1 short sword (drain)
rCold    . . .     Gourm    .   (no shield)
rNeg     . . .     Faith    .   a - +0 robe
rPois    +         Spirit   .   (no helmet)
rElec    .         Reflect  .   (no cloak)
rCorr    .         Harm     .   (no gloves)
MR       .....                  (no barding)
Stlth    +++.......             (no amulet)
HPRegen  0.12/turn              b - ring of stealth
MPRegen  0.11/turn              (no ring)

@: very slow
A: large, see invisible, deformed body, poison resistance, slowness 2, slow
metabolism 1, spit poison 1, AC +1
a: Spit Poison, Bend Time, Renounce Religion


You were on level 3 of the Dungeon.
You worshipped Cheibriados.
Cheibriados was noncommittal.
You were not hungry.

You visited 1 branch of the dungeon, and saw 3 of its levels.

You collected 134 gold pieces.

Inventory:

Hand Weapons
 j - a +1 short sword of draining (weapon)
Armour
 a - a +0 robe (worn)
Jewellery
 b - a ring of stealth (left hand)
Scrolls
 d - 3 scrolls of teleportation {unknown}
 g - a scroll of blinking {unknown}
 h - a scroll of enchant weapon {unknown}
 i - a scroll of remove curse {unknown}
 m - 3 scrolls of identify {unknown}
 p - a scroll of magic mapping {unknown}
Potions
 e - a potion of degeneration
 f - a potion of heal wounds {unknown}
 k - a potion of lignification {unknown}
 l - 3 potions of flight {unknown}
 o - a potion of invisibility {unknown}
 q - a potion of mutation {unknown}
Comestibles
 c - 4 rations


   Skills:
 + Level 0.1 Fighting
 - Level 2.0 Dodging
 - Level 4.2 Stealth
 + Level 3.0 Spellcasting
 - Level 1.0 Transmutations
 * Level 0.0 Air Magic
 * Level 5.3 Poison Magic


You couldn't memorise any spells.
You knew the following spells:

 Your Spells              Type           Power        Failure   Level  Hunger
a - Sting                 Tmut/Pois      ##..         4%          1    #......
b - Poisonous Vapours     Pois/Air       ##....       10%         2    ##.....
c - Olgreb's Toxic Radia  Pois           ###.....     21%         4    #####..
d - Ensorcelled Hibernat  Hex/Ice        #.....       28%         2    ##.....

Your spell library contained the following spells:

 Spells                   Type           Power        Failure   Level  Hunger
 Corona                   Hex            #......      19%         1    #......
 Ignite Poison            Fire/Tmut/Pois #.......     24%         3    ###....
 Mephitic Cloud           Conj/Pois/Air  #.......     26%         3    ###....
 Confusing Touch          Hex            #.......     50%         3    ###....
 Dazzling Flash           Conj/Hex       #.....       50%         3    ###....
 Tukima's Dance           Hex            #.......     50%         3    ###....


Dungeon Overview and Level Annotations

Branches:
Dungeon (3/15)

Altars:
Ashenzari
Cheibriados
Dithmenos
Fedhas
Hepliaklqana
Makhleb
Okawaru
Vehumet
Xom
Zin


Innate Abilities, Weirdness & Mutations

You cannot wear boots.
Your serpentine skin is tough. (AC +1)
You have supernaturally acute eyesight. (SInv)
Armour fits poorly on your strangely shaped body.
Your system is resistant to poisons. (rPois)
You cover ground very slowly.
You have a slow metabolism.
You can spit poison.


Message History

You see here 23 stones.
A goblin comes into view. It is wielding a +0 club.
The helpless hornet zombie fails to defend itself.
You hit the hornet zombie.
The hornet zombie is lightly damaged.
The hornet zombie barely misses you.
You hit the hornet zombie.
The hornet zombie is lightly damaged.
The hornet zombie closely misses you. The hornet zombie hits you!
You hit the hornet zombie.
The hornet zombie is moderately damaged.
The hornet zombie hits you! The hornet zombie hits you.
The hornet zombie hits you!
* * * LOW HITPOINT WARNING * * *
Okay, then.
It was a potion of degeneration.
There was something very wrong with that liquid.
You feel weakened.
You feel dopey.
You feel clumsy. The hornet zombie hits you!
You die...

## #### .. ... #g ..# #.
#.#
##.#.#g###.##############
.......Z@(...............
##.#.#.###.#####.........
#. #.# #....##... #. #.#
#....##... #. #.#
#....##... #. #.#
#....##... #.# #.#
#....##... #.# #.#
#(...##### #. #.# #.#
#....# #


You could see a hornet zombie and a goblin.

Vanquished Creatures
  A hound (D:3)
  An adder (D:2)
  A gnoll (D:1)
  A worm (D:2)
  A dart slug (D:1)
  3 leopard geckos
  5 bats
  3 giant cockroaches
  6 goblins
  6 hobgoblins
  4 jackals (D:2)
  A quokka (D:2)
  A ball python (D:1)
  3 frilled lizards
  4 kobolds
  9 rats
50 creatures vanquished.

Vanquished Creatures (others)
  An adder (D:2)
1 creature vanquished.

Grand Total: 51 creatures vanquished

Notes
Turn   | Place    | Note
-------+----------+-------------------------------------------
     0 | D:1      | Kohma the Naga Venom Mage began the quest for the Orb.
     0 | D:1      | Reached XP level 1. HP: 15/15 MP: 3/3
   271 | D:1      | Reached XP level 2. HP: 9/22 MP: 1/5
   589 | D:1      | Learned a level 2 spell: Poisonous Vapours
   643 | D:1      | Reached XP level 3. HP: 28/28 MP: 0/6
  1176 | D:2      | Found a glowing silver altar of Zin.
  1176 | D:2      | Noticed an angel
  1238 | D:2      | Found a shimmering altar of Xom.
  1587 | D:2      | Reached XP level 4. HP: 22/36 MP: 3/8
  1818 | D:2      | Reached skill level 5 in Poison Magic
  2130 | D:3      | Found a hazy altar of Hepliaklqana.
  2131 | D:3      | Found a blossoming altar of Fedhas.
  2132 | D:3      | Found a snail-covered altar of Cheibriados.
  2134 | D:3      | Found a burning altar of Makhleb.
  2134 | D:3      | Found a shadowy altar of Dithmenos.
  2134 | D:3      | Found a shattered altar of Ashenzari.
  2135 | D:3      | Found a radiant altar of Vehumet.
  2137 | D:3      | Found an iron altar of Okawaru.
  2142 | D:3      | Became a worshipper of Cheibriados the Contemplative
  2388 | D:3      | Learned a level 4 spell: Olgreb's Toxic Radiance
  2391 | D:3      | Learned a level 2 spell: Ensorcelled Hibernation
  2590 | D:3      | Slain by a hornet zombie

Levels and vault maps discovered:
D:1:      evilmike_arrival_hilbert_curve, layout_rooms
D:2:      layout_basic, grunt_temple_overflow_order_and_chaos_1
D:3:      layout_basic, grunt_temple_overflow_open

Skill      XL: |  1  2  3  4 |
---------------+-------------+-----
Dodging        | 2 |  2.0
Poison Magic   | 5 |  5.3
Stealth        | 4 |  4.2
Spellcasting   | 3 |  3.0
Fighting       | |  0.1
Transmutations | |  1.0

Action                   |  1- 3 |  4- 6 || total
-------------------------+-------+-------++-------
Melee: Unarmed           |     8 |       ||     8
       Short sword       |    47 |    18 ||    65
 Cast: Sting             |    24 |       ||    24
       Poisonous Vapours |    12 |    11 ||    23
  Use: Potion            |       |     1 ||     1
 Stab: Sleeping          |     3 |     6 ||     9
  Eat: Chunk             |     2 |     4 ||     6
Armor: Robe              |    10 |     1 ||    11
Dodge: Dodged            |    35 |     6 ||    41

Table legend:
 A = Non-vault XP
 B = Vault XP
 C = Vault XP percentage of total XP
 D = Non-vault monster count
 E = Vault monster count
 F = Vault count percentage of total count
                 A         B        C        D         E       F
            +---------+---------+-------+---------+---------+-------
      Total |     153 |       0 |   0.0 |      50 |       0 |   0.0
            +---------+---------+-------+---------+---------+-------
        D:1 |      48 |       0 |   0.0 |      19 |       0 |   0.0
        D:2 |      49 |       0 |   0.0 |      22 |       0 |   0.0
        D:3 |      56 |       0 |   0.0 |       9 |       0 |   0.0
            +---------+---------+-------+---------+---------+-------
